 Dungeon Crawl Stone Soup version 0.30-a0-726-gd89dcf765f (webtiles) character file.

Game seed: 2812397009366441433

46 jimonade the Sneak (level 3, -4/18 HPs)
             Began as a Vine Stalker Brigand on Jan 30, 2023.
             Slain by Sigmund
             ... wielding a +0 scythe
              (10 damage)
             ... on level 2 of the Dungeon.
             The game lasted 00:02:07 (1267 turns).

jimonade the Sneak (Vine Stalker Brigand)           Turns: 1267, Time: 00:02:08

Health: -4/18      AC:  3    Str: 13    XL:     3   Next: 68%
Magic:  0/4        EV: 12    Int: 11    God:
Gold:   43         SH:  0    Dex: 17    Spells: 2/2 levels left

rFire   . . .      SeeInvis .    a - +1 dagger (venom)
rCold   . . .      Faith    .    (no shield)
rNeg    + . .      Spirit   +    f - +0 robe
rPois   .          Reflect  .    (no helmet)
rElec   .          Harm     .    c - +0 cloak
rCorr   +          Rampage  .    (no gloves)
Will    .....                    (no boots)
Stlth   +++                      (no amulet)
HPRegen 0.23/turn                h - ring of resist corrosion
MPRegen 0.09/turn                m - ring of positive energy

@: no status effects
A: fangs 2, magic shield, antimagic bite, no potion heal 2
a: no special abilities


You were on level 2 of the Dungeon.
You visited 1 branch of the dungeon, and saw 2 of its levels.

You collected 43 gold pieces.

Inventory:

Hand Weapons
 a - a +1 dagger of venom (weapon)
 b - a +0 sling
 u - a +2 dagger
Missiles
 d - 19 poisoned darts (quivered)
 e - 3 curare-tipped darts
 o - 4 stones
Armour
 c - a +0 cloak (worn)
 f - a +0 robe (worn)
 i - a +0 ring mail
 p - a +0 leather armour
Jewellery
 h - a ring of resist corrosion (left hand)
 m - a ring of positive energy (right hand)
 y - a +4 ring of slaying
Scrolls
 g - a scroll of fear {unknown}
 j - a scroll of noise {unknown}
 l - a scroll of poison {unknown}
 s - a scroll of blinking {unknown}
 t - a scroll of fog {unknown}
 w - a scroll of vulnerability {unknown}
Potions
 k - a potion of haste {unknown}
 n - a potion of curing {unknown}
 q - a potion of brilliance {unknown}
 r - a potion of might {unknown}
 v - a potion of magic {unknown}
 x - a potion of heal wounds {unknown}


   Skills:
 + Level 2.0 Fighting
 * Level 2.3 Short Blades
 + Level 1.7 Throwing
 + Level 1.2 Dodging
 + Level 5.8 Stealth


You had 2 spell levels left.
You didn't know any spells.
Your spell library was empty.

Dungeon Overview and Level Annotations

Branches:
Dungeon (2/15)

Altars:

Annotations:
D:2 Sigmund


Innate Abilities, Weirdness & Mutations

You have extremely sharp teeth.
When hurt, damage is shared between your health and your magic reserves.
Your bite disrupts and absorbs the magic of your enemies.
Potions cannot restore your health.


Message History

No target in view!
Things that are here:
a +0 club; a goblin corpse
w - a scroll labelled DENKOZ UBRIUPE
Found a whip.
x - a lumpy white potion You open the door.
You open the door.
A frilled lizard comes into view.
A frilled lizard is nearby!
There is an open door here.
The frilled lizard hisses angrily.
You closely miss the frilled lizard. Your bite misses the frilled lizard.
The frilled lizard misses you.
You miss the frilled lizard. The frilled lizard closely misses you.
You closely miss the frilled lizard. The frilled lizard barely misses you.
You hit the frilled lizard.
You kill the frilled lizard!
No target in view!
y - a +4 ring of slaying Sigmund the Dreaded comes into view.
He is wielding a +0 scythe and wearing a +1 robe of willpower.
Found 3 sedimented clear potions.
Sigmund shouts!
Sigmund mumbles some strange words.
Sigmund flickers and vanishes!
Deactivating autopickup; reactivate with Ctrl-A.
No target in view!
No target in view!
Something hits you!
You barely miss something. Something hits you.
You barely miss something. Your bite misses something. Something hits you.
You hit something but do no damage. Your bite misses something.
You barely miss something. Something hits you.
* * * LOW HITPOINT WARNING * * *
You miss something. Your bite misses something.
You hit something but do no damage. Your bite misses something.
Something barely misses you.
You miss something. Your bite misses something. Something hits you!
Ouch! That really hurt!
You die...

.....######.#.##.#####.##
####........#...... #
#...........#.###
#####.#..........#
.................#
####.###....#.#..###
............#.#....#
...##.#.....#.#..#+#.#
.#.##.#.....#.#.@!...#
.#.##.#[....#.#!#{...#
.#.##.#.....#.#......#
.#.##.###...#.#.####.#
†#.##.#.......#... .#
##.##.#.#.......# #
........'.......#
##......#.......#
#.).....#######.#


There were no monsters in sight!

Vanquished Creatures
  2 dart slugs
  4 ball pythons
  6 endoplasms
  4 goblins (D:2)
  6 hobgoblins
  3 kobolds
  A quokka (D:1)
  4 bats
  3 frilled lizards
  5 rats
38 creatures vanquished.

Notes
Turn   | Place    | Note
-------+----------+-------------------------------------------
     0 | D:1      | jimonade the Vine Stalker Brigand began the quest for the
                  | Orb.
     0 | D:1      | Reached XP level 1. HP: 11/11 MP: 2/2
    66 | D:1      | Reached skill level 5 in Stealth
   141 | D:1      | Reached XP level 2. HP: 15/15 MP: 3/3
   666 | D:1      | Reached XP level 3. HP: 18/18 MP: 4/4
   681 | D:1      | Reached skill level 1 in Dodging
  1256 | D:2      | Noticed Sigmund
  1267 | D:2      | Slain by Sigmund

Illustrated notes

Levels and vault maps discovered:
D:1:      minmay_arrival_arboretum_large, layout_basic
D:2:      layout_basic, minmay_tiny_reverse_x, uniq_sigmund

Skill      XL: |  1  2  3 |
---------------+----------+-----
Stealth        | 5 |  5.8
Short Blades   | 2 |  2.3
Fighting       | 2 |  2.0
Dodging        | 1 |  1.2
Throwing       | |  1.7

Action                     || total
---------------------------++-------
  Melee: Dagger            ||    86
         Bite              ||     9
   Stab: Sleeping          ||    16
 Armour: Robe              ||    23
  Dodge: Dodged            ||    37

Table legend: (Time is in decaauts)
 A = Elapsed time spent in this place.
 B = Non-inter-level travel time spent in this place.
 C = Inter-level travel time spent in this place.
 D = Time resting spent in this place.
 E = Time spent auto-exploring this place.
 F = Levels seen in this place.
 G = Mean time per level.
                   A        B        C        D        E       F      G
               +--------+--------+--------+--------+--------+-----+--------+
         Total |   1256 |   1135 |    121 |      0 |    848 |   2 |  628.0 |
       Dungeon |   1256 |   1135 |    121 |      0 |    848 |   2 |  628.0 |
               +--------+--------+--------+--------+--------+-----+--------+

Top non-repeatable levels by time:
     D:1: 931 daAuts
     D:2: 325 daAuts
